Cogmind - Beta 14 @@@ ROGUE MODE // 2025.01.02 @ 20:05:48 Player: FenRhew Result: Destroyed by S-10 Pest with Light Assault Rifle Performance ------------- Evolutions (1) 500 Regions Visited (2) 400 Robots Destroyed (32) 160 Value Destroyed (661) 661 Prototype IDs (1) 20 Alien Tech Used (0) 0 Bonus (0) 0 TOTAL SCORE: 1741 Bonus ------- None Cogmind --------- Core Integrity 0/400 Matter 129/300 Energy 100/100 System Corruption 0% Temperature Cool (0) Movement Core (400) Ox7 Location -9/Materials Parts ------- > --- POWER (1) -------- (None) > --- PROPULSION (2) --- (None) > --- UTILITY (3) ------ Large Storage Unit > --- WEAPON (3) ------- Katana > --- INVENTORY (15) --- Improved Ion Engine Large Storage Unit Small Battery (100) Sensor Array Seismic Detector Tractor Beam Peak State ------------ > --- POWER ------------ Ion Engine > --- PROPULSION ------- Aluminum Leg Improved Aluminum Leg > --- UTILITY ---------- Large Storage Unit Medium Matter Pod Improved Terrain Scanner > --- WEAPON ----------- Light Assault Rifle Light Assault Rifle Grenade Launcher > --- INVENTORY -------- Ion Engine Improved Ion Engine Aluminum Leg Aluminum Leg Aluminum Leg Large Storage Unit Small Battery Sensor Array Seismic Detector Weapon Shielding Medium Armor Plating Tractor Beam EM Shotgun Medium Laser Improved Assault Rifle [Rating: 14] Favorites ----------- Power Ion Engine Engine Ion Engine Propulsion Aluminum Leg Leg Aluminum Leg Wheel Wheel Utility Medium Matter Pod Device Improved Terrain Scanner Storage Medium Matter Pod Protection Weapon Shielding Weapon EM Pulse Gun Energy Gun EM Pulse Gun Ballistic Gun Light Assault Rifle Launcher Grenade Launcher Special Weapon Mining Laser Slashing Weapon Katana Build | -11 -10 -9 ------- Run | Yrd Mat Mat Slots Evolved 2 | . . 2 Power . | . . . Propulsion . | . . . Utility 1 | . . 1 Weapon 1 | . . 1 Parts Attached 50 | 7 21 22 Power 6 | 2 3 1 Engine 6 | 2 3 1 Core . | . . . Reactor . | . . . Propulsion 12 | 2 5 5 Treads . | . . . Leg 9 | . 4 5 Wheel 3 | 2 1 . Hover . | . . . Flight . | . . . Utility 8 | 1 3 4 Device 2 | 1 . 1 Storage 3 | . 3 . Processor . | . . . Hackware . | . . . Protection 3 | . . 3 Artifact . | . . . Weapon 24 | 2 10 12 Energy Gun 12 | 2 5 5 Energy Cannon . | . . . Ballistic Gun 6 | . 2 4 Ballistic Cannon . | . . . Launcher 4 | . 2 2 Special Weapon 1 | . 1 . Impact Weapon . | . . . Slashing Weapon 1 | . . 1 Piercing Weapon . | . . . Special Melee Weapon . | . . . Unidentified Prototypes 1 | . . 1 Parts Lost 16 | . 1 15 Power 2 | . . 2 Propulsion 5 | . 1 4 Utility 3 | . . 3 Weapon 6 | . . 6 Highest Loss Streak 15 | . 1 15 To Critical Strikes . | . . . Average Slot Usage (%) 96 | . 99 92 Engine 12 | . 14 9 Leg 21 | . 22 20 Wheel 3 | . 5 . Device 8 | . 9 6 Storage 19 | . 18 20 Protection 1 | . . 3 Energy Gun 13 | . 16 6 Ballistic Gun 5 | . . 15 Launcher 7 | . 7 6 Special Weapon 1 | . 2 . Peak Build Rating 14 | 8 9 14 Average Rating 8 | 3 8 11 On Entrance 5 | . 8 8 Naked Turns . | . . . Heaviest Build 36 | 8 29 36 Greatest Support 23 | 20 20 23 Greatest Overweight (x) 7 | . 1 7 Average Overweight (x) . | . . 1 Largest Inventory Capacity 15 | 5 15 15 Average Capacity 9 | 5 6 15 Most Carried 15 | 5 10 15 Average Carried 7 | 3 5 11 Final Capacity 15 | 5 15 15 Final Carried 10 | 4 10 6 Class Distribution -------------------- 73% | Mutant 15% | Skirmisher 10% | Tank Dominant Class ---------------- Mutant | -10/Materials Skirmisher | -9/Materials Resources | -11 -10 -9 ----------- Run | Yrd Mat Mat Matter Collected 712 | 250 275 187 Remotely . | . . . Salvage Created 690 | 79 321 290 Parts 66 | 8 32 26 Haulers Intercepted 1 | . 1 . Recyclers Shooed 1 | . 1 . Parts Field Recycled . | . . . Retrieved Matter . | . . . Parts Self-Destructed . | . . . Prevented . | . . . Kills | -11 -10 -9 ------- Run | Yrd Mat Mat Combat Hostiles Destroyed 22 | 1 14 7 Guns 9 | 1 5 3 AOE 12 | . 8 4 Classes Destroyed 9 | 3 3 3 Worker 2 | 1 . 1 Builder 2 | . . 2 Tunneler 1 | 1 . . Hauler 1 | . 1 . Watcher 4 | . 3 1 Swarmer 9 | . 9 . Grunt 11 | 1 5 5 Duelist 1 | . . 1 Sentry 1 | . . 1 Best Kill Streak 7 | 2 7 5 Combat Bots Only 6 | 1 6 2 Max Kills in Single Turn 2 | 1 2 2 Gunslinging . | . . . Exploded 2 | . 1 2 Melee . | . . . Uniques/NPCs Destroyed . | . . . Combat | -11 -10 -9 -------- Run | Yrd Mat Mat Hostile Shots Fired 227 | 2 42 183 Missed 70 | . 14 56 Damage Taken 2271 | 22 440 1809 Core 515 | . 110 405 Absorbed by Shields . | . . . Redirected to Shielding 51 | . . 51 Regen/Repaired (Parts) 45 | . 45 . Core Remaining (%) 78 | 100 56 . Volleys Fired 61 | 5 32 24 Largest 3 | 2 2 3 Hottest 125 | 80 80 125 Shots Fired 122 | 10 58 54 Gun 98 | 10 43 45 Cannon . | . . . Launcher 24 | . 15 9 Special . | . . . Kinetic 44 | . 8 36 Thermal 4 | . . 4 Explosive 24 | . 15 9 Electromagnetic 50 | 10 35 5 Robot Hit Streak 11 | 3 5 11 Robot Miss Streak 4 | 1 3 4 Penetration Max . | . . . Secondary Targets . | . . . Shots Hit Robots 66 | 6 26 34 Core Hits 48 | 3 24 21 Critical Kills . | . . . Critical Parts Destroyed . | . . . Critical Strikes 2 | . 2 . Corrupt 2 | . 2 . Melee Attacks 2 | . . 2 Impact . | . . . Slashing 2 | . . 2 Piercing . | . . . Sneak Attacks . | . . . Combat Hostiles . | . . . Follow-up Attacks . | . . . Damage Inflicted 1969 | 93 991 885 Guns 683 | 93 267 323 Cannons . | . . . Explosions 1286 | . 724 562 Melee . | . . . Ramming . | . . . Kinetic 268 | . 48 220 Thermal 47 | . 22 25 Explosive 1264 | . 702 562 Electromagnetic 390 | 93 219 78 Impact . | . . . Slashing . | . . . Piercing . | . . . Highest Corruption 2 | . 2 . Average Corruption 2 | . 2 . Corruption Purged . | . . . Corruption Blocked . | . . . Overload Shots . | . . . Overflow Damage 68 | . 50 18 Projectiles . | . . . Explosions 68 | . 50 18 Melee . | . . . Knockbacks . | . . . Impact . | . . . Kinetic . | . . . Secondary . | . . . Self-Inflicted Damage 239 | . 164 75 Shots 9 | . 4 5 Rammed . | . . . Targets Rammed . | . . . Kicked . | . . . Crushed . | . . . Highest Temperature 121 | 66 114 121 Average Temperature 39 | 28 38 43 Received Heat Transfer 489 | 12 108 369 Siege Activations . | . . . Robots Corrupted 1 | . 1 . Combat Hostiles 1 | . 1 . Parts Fried . | . . . Impact Corruptions . | . . . Robots Melted . | . . . Combat Hostiles . | . . . Parts Melted . | . . . Heat Transferred 124 | . 50 74 Parts Sabotaged . | . . . Parts Stolen . | . . . Parts Stripped . | . . . Power Chain Reactions 1 | . 1 . Alert | -11 -10 -9 ------- Run | Yrd Mat Mat Peak Influence 262 | 30 262 192 Initial 97 | . 19 97 Average 98 | 12 100 118 Maximum Alert Level 1 | . 1 . Low Security (%) 91 | 100 85 100 Level 1 8 | . 14 . Level 2 . | . . . Level 3 . | . . . Level 4 . | . . . Level 5 . | . . . High Security . | . . . Max Security . | . . . Squads Dispatched 5 | . 3 2 Investigation 2 | . 2 . Extermination . | . . . Reinforcement 3 | . 1 2 Assault . | . . . Garrison . | . . . Intercept . | . . . Searches Triggered . | . . . Construction Impeded . | . . . Haulers Reinforced . | . . . Active Scanning Responses . | . . . Cargo Convoy Interrupts . | . . . Stealth | -11 -10 -9 --------- Run | Yrd Mat Mat Distress Signals 2 | . . 2 Communications Jammed . | . . . Distress Signals . | . . . Times Spotted 37 | 1 20 16 Peak Tracking Total 10 | 1 3 10 Tactical Retreats 2 | . 1 1 Traps | -11 -10 -9 ------- Run | Yrd Mat Mat Traps Triggered 1 | . 1 . Indirectly . | . . . Trap Hack Attempts . | . . . Triggered . | . . . Disarmed . | . . . Reprogrammed . | . . . Reused . | . . . Traps Extracted . | . . . Installed . | . . . Triggered . | . . . Machines | -11 -10 -9 ---------- Run | Yrd Mat Mat Machines Disabled 2 | . 2 . Max in Single Turn 1 | . 1 . Machines Repaired . | . . . Machines Dismantled . | . . . Machines Sabotaged . | . . . Overloaded Fab Kills . | . . . Hacking | -11 -10 -9 --------- Run | Yrd Mat Mat Machines Accessed 7 | . 7 . Terminals 5 | . 5 . Fabricators . | . . . Repair Stations 1 | . 1 . Recycling Units 1 | . 1 . Scanalyzers . | . . . Garrison Access . | . . . Total Hacks 36 | . 36 . Successful 29 | . 29 . Failed 7 | . 7 . Catastrophic . | . . . Database Lockouts . | . . . Manual 1 | . 1 . Terminals 23 | . 23 . Fabricators . | . . . Repair Stations 2 | . 2 . Recycling Units 11 | . 11 . Scanalyzers . | . . . Garrison Access . | . . . Terminal Hacks 17 | . 17 . Record 12 | . 12 . Robot Analysis 2 | . 2 . Emergency Access Points 1 | . 1 . Alert Level 1 | . 1 . Zone Layout 1 | . 1 . Fabricator Hacks . | . . . Repair Station Hacks 2 | . 2 . Scan Component 1 | . 1 . Repair 1 | . 1 . Recycling Unit Hacks 10 | . 10 . Recycle Component 5 | . 5 . Process 2 | . 2 . Report Inventory 2 | . 2 . Retrieve Matter 1 | . 1 . Scanalyzer . | . . . Garrison Access Hacks . | . . . Unauthorized Hacks . | . . . Terminals . | . . . Fabricators . | . . . Repair Stations . | . . . Recycling Units . | . . . Scanalyzers . | . . . Garrison Access . | . . . Data Cores Recovered . | . . . Used . | . . . Hacking Detections 7 | . 7 . Full Trace Events 2 | . 2 . Feedback Events . | . . . Feedback Blocked . | . . . Robot Schematics Acquired . | . . . Robots Built . | . . . Authchips . | . . . Time . | . . . Total Robot Build Rating . | . . . Part Schematics Acquired . | . . . Parts Built . | . . . Authchips . | . . . Time . | . . . Total Part Build Rating . | . . . Parts Repaired 1 | . 1 . Time 26 | . 26 . Parts Recycled 5 | . 5 . Recycled Matter 35 | . 35 . Retrieved Matter 35 | . 35 . Retrieved Components . | . . . Parts Scanalyzed . | . . . Part Schematics Acquired . | . . . Parts Damaged . | . . . Bothacking | -11 -10 -9 ------------ Run | Yrd Mat Mat Used RIF Installer . | . . . Robots Hacked . | . . . Non-combat . | . . . Combat . | . . . Robot Hacks Applied . | . . . Relay Couplers Released . | . . . Fabnet Peak Effective % . | . . . Robots Rewired . | . . . Allies Hacked . | . . . Hacks Repelled . | . . . Allies | -11 -10 -9 -------- Run | Yrd Mat Mat Total Allies . | . . . Largest Group . | . . . Highest-Rated Group . | . . . Highest-Rated Ally . | . . . Total Orders . | . . . Ally Attacks . | . . . Total Damage . | . . . Kills . | . . . Allies Corrupted . | . . . Allies Melted . | . . . Intel | -11 -10 -9 ------- Run | Yrd Mat Mat Robot Analysis Total 2 | . 2 . Derelict Logs Recovered . | . . . Drone Launches . | . . . Drone Recoveries . | . . . Exploration | -11 -10 -9 ------------- Run | Yrd Mat Mat Turns Passed 1779 | 155 1070 554 Spaces Moved 1159 | 158 771 230 Core 50 | 49 . 1 Treads . | . . . Legs 758 | . 529 229 Wheels 351 | 109 242 . Hover . | . . . Flight . | . . . Fastest Speed 50 | 50 80 190 Average Speed 123 | 70 113 194 Slowest Speed 400 | 80 190 400 Overloaded Moves . | . . . Propulsion Burnouts . | . . . Robots Hopped . | . . . Cave-ins Triggered . | . . . Exploration Rate (%) 34 | 7 63 33 Regions Visited 2 Branch Regions . Pre-discovered Areas . | . . . Known Exits Taken . | . . . Unknown Exits Taken 2 | 1 1 . Scrap Searched . | . . . Spaces Dug 8 | . 8 . Terrain Destroyed 142 | . 104 38 Melee . | . . . Projectile . | . . . AOE 142 | . 104 38 Terrain Rammed . | . . . Walls Destroyed . | . . . Machines Disabled . | . . . Actions | -11 -10 -9 --------- Run | Yrd Mat Mat Total 1400 | 192 915 293 Wait 49 | 7 41 1 Move 1157 | 157 770 230 Hop . | . . . Pick Up 57 | 13 32 12 Fast Attach . | . . . Attach 26 | 6 6 14 Detach 1 | . 1 . Swap 24 | 1 15 8 Drop 23 | 3 18 2 Fire 61 | 5 32 24 Melee 2 | . . 2 Ram . | . . . Kick . | . . . Crush . | . . . Escape Stasis . | . . . Rewire . | . . . Trap . | . . . Miscellaneous . | . . . Route ------- -11/Scrapyard -10/Materials (discovered 4 exits: [*Mat x2] / [*Min] / [*Sub]) -9/Materials (discovered 2 exits: [*Min] / [*Sto]) History --------- Turn | Location | Event 2 | -11/Scrapyard | Met Revision 17 89 | -11/Scrapyard | Discovered new exit (range 8) 156 | -11/Scrapyard | Entered Materials 180 | -10/Materials | Discovered new exit (range 15) 307 | -10/Materials | Build established: Mutant 334 | -10/Materials | Discovered new exit (range 4) 811 | -10/Materials | Discovered new exit (range 16) 1006 | -10/Materials | Repaired Ion Engine 1182 | -10/Materials | Discovered new exit (range 6) 1226 | -10/Materials | Entered another Materials area 1226 | -9/Materials | Evolved 2 slots: Utility x1, Weapon x1 1561 | -9/Materials | Discovered new exit (range 6) 1637 | -9/Materials | Discovered new exit (range 7) 1754 | -9/Materials | Core integrity fell below 50% 1774 | -9/Materials | Core integrity fell below 20% 1780 | -9/Materials | Destroyed by S-10 Pest with Light Assault Rifle Last Messages --------------- Ion Engine destroyed. K-01 Serf collects debris. R-06 Scavenger collects Melee Analysis Suite. Acquired Katana. Bump into an enemy to attack with the active melee weapon. Even while active, melee weapons do not fire together with ranged weapons in the same volley. K-01 Serf collects debris. Broken Imp. Terrain Scanner destroyed. G-34 Mercenary destroyed. R-06 Scavenger collects Sml. Laser. Aluminum Leg destroyed. K-01 Serf collects debris. Weapon Shielding destroyed. K-01 Serf collects debris. Hvy. Assault Rifle destroyed. R-06 Scavenger collects Ion Engine. K-01 Serf collects debris. [Achievement: First Step to Greatness] Map ----- +----------------------------------------------------+ | ?????????????????????????????????????????????????? | | ?????????????????????????????????????????????????? | | ?????????????????????????????????????????????????? | | ?????????????????????????????????????????????????? | | ?????????????????????????????????????????????????? | | ?????????????????????????????????????????????????? | | ?????????????????????????????????????????????????? | | ?????????????????????????????????????????????????? | | ?????????????????????????????????????????????????? | | ?????????????????????????????????????????????????? | | ?????????????????????????????????????????????????? | | ????????????????????????????????????????????###### | | ??????????????????????????????????????????? | | ??????????????????????????????????????????? | | ??????????????????????????????????????????? | | ????????????????????????????????????????????###### | | ?????????????????????????????????????????????????? | | ??????????????????????????????????????????????##?# | | ?????????????????????????????????????????????????? | | ??????????????????????? ???? ???????????????##???? | | ????????????????????????????????????????????# #### | | ??????????????????????????????????????? ??### | | ?????????????????????????? ???????????? ????# ]! | | ???????????????????????############# ?????#?# ]! | | ???????????????????????# *s # ??#???# ]! | | ???????????????????????#s@kkYr # ????#?# | | ???????????????????????#sk" """"" # ?????# | | ???????????????????????# """"""""" # ###### | | ??????????????????# #### "" """ # # "" | | ??????????????????# + r # # "" | | ??????????????????# #### # / "" | | ???????????????????????#########+######## # | | ????????????????????#### ##### #??#### ###### | | ????????????????????# + #??#" #???? | | ????????????????????# # #??#"" #???? | | ????????????????????# # #?##!! #???? | | ????????????????????# #= #??#"" < ###?? | | ????????????????????# < # ##?#!! #??#? | | ????????????????????# # #??#"" #???? | | ????????????????????# # ! #??#" #???# | | ????????????????????# # % #??#### ###### | | ???????????????????###+#### # ####### # | | ????????????????????# % + | | ????????????????????# # " | | ??????????????? # T | | ??????????????? ########## # ## ####+## # " | | ????????????????????? # ? ## # | | ????????????????????# """# !!! ??# ###### | | ????????????????????# """# !!! ??# ##?#?? | | ????????????????????# ""?# !!! ???# #???#? | +----------------------------------------------------+ Best States ------------- Heat Dissipation 28 Energy Generation 10 Energy Capacity 250 Matter Stores 344 Matter Capacity 400 Sight Range 16 Terrain Scan Range 16 Terrain Scan Density 10 Weapon Shielding 33 Evasion (%) 55 Item Schematics ----------------- None Robot Schematics ------------------ None Fabricated ------------ Nothing Alien Tech Used ----------------- None Achievements -------------- Crack Shot First Step to Greatness Librarian Loot Pinata One Hack Too Far Part-time Mechanic Power Corrupts Risk Taker Uninvited Guest Challenges ------------ None Game ------ Seed MultinovaStormMallet Manual? 0 Play Time 01:04:06 Cumulative 1.0 hours Start 2025.01.02 @ 18:55:02 End 2025.01.02 @ 20:05:48 Sessions 1 Manual Loads 0 Difficulty Rogue Special Mode None Game No. 1 Rogue 1 Adventurer 0 Explorer 0 Win Type - Total 0 Types 0/0/0/0/0/0/0/0/0 Lore% 1 Gallery% 1 Achievement% 3 Wizard Run 0 Options --------- Layout 1 ASCII 0 Keyboard 0 Movement Numpad Keybinds 0 Fullscreen 1 Font 24/Smallcaps Map View 50x35 Zoom Use 0% Tactical HUD 0 Map Filters NONE Filters NONE Steam 1 RUN: 5e5f30a6-a413-4697-b345-931fb3c465c9